 Dungeon Crawl Stone Soup version 0.22.0-21-g8bd1b0a (webtiles) character file.

77 Kelyas the Magician (level 4, -9/31 HPs)
             Began as a Demonspawn Wizard on Aug 19, 2018.
             Killed by divine providence
             ... invoked by an orc priest
              (11 damage)
             ... on level 2 of the Dungeon.
             The game lasted 00:05:09 (1464 turns).

Kelyas the Magician (Demonspawn Wizard)             Turns: 1464, Time: 00:05:09

Health: -9/31      AC:  3    Str:  7    XL:     4   Next: 14%
Magic:  0/9        EV: 12    Int: 21    God:
Gold:   69         SH:  0    Dex: 11    Spells: 7/10 levels left

rFire    . . .     SeeInvis .   g - +0 dagger (venom)
rCold    . . .     Gourm    .   (no shield)
rNeg     . . .     Faith    .   a - +1 robe
rPois    .         Spirit   .   b - +0 hat
rElec    .         Reflect  .   (no cloak)
rCorr    .         Harm     .   (no gloves)
MR       .....                  (no boots)
Stlth    ++........             (no amulet)
HPRegen  0.10/turn              (no ring)
MPRegen  0.11/turn              (no ring)

@: hasted, very quick
A: spiny 1, sturdy frame 1
a: no special abilities


You were on level 2 of the Dungeon.
You were not hungry.

You visited 1 branch of the dungeon, and saw 2 of its levels.

You collected 69 gold pieces.

Inventory:

Hand Weapons
 f - a +0 short sword of draining
 g - a +0 dagger of venom (weapon)
Missiles
 k - 13 poisoned needles
Armour
 a - a +1 robe (worn)
 b - a +0 hat (worn)
Comestibles
 c - a chunk of flesh
 d - 6 rations


   Skills:
 + Level 0.8 Fighting
 + Level 0.7 Armour
 - Level 2.0 Dodging
 - Level 2.0 Stealth
 * Level 3.5 Spellcasting
 * Level 2.3 Conjurations
 * Level 1.5 Summonings
   Level 0.8 Translocations


You had 7 spell levels left.
You knew the following spells:

 Your Spells              Type           Power        Failure   Level  Hunger
a - Magic Dart            Conj           ##..         4%          1    None
b - Call Imp              Summ           ##......     11%         2    ##.....

Your spell library contained the following spells:

 Spells                   Type           Power        Failure   Level  Hunger
 Blink                    Tloc           N/A          13%         2    ##.....
 Slow                     Hex            #.......     19%         2    ##.....
 Conjure Flame            Conj/Fire      #.......     24%         3    ###....
 Mephitic Cloud           Conj/Pois/Air  #.......     28%         3    ###....


Dungeon Overview and Level Annotations

Branches:
Dungeon (2/15)

Altars:


Innate Abilities, Weirdness & Mutations

You are partially covered in sharp spines.
Your movements are slightly less encumbered by armour. (ER -2)


Message History

Your crimson imp closely misses the orc priest.
The orc priest hits your crimson imp but does no damage.
Sorry, you're not good enough to have a special ability.
What are your orders? t - Shout!
Orders for allies: a - Attack new target. r - Retreat! s - Stop attacking. g - Guard the area. f - Follow me.
Anything else - Cancel.
Gang up on whom?
Press: ? - help, Dir - move target cursor, f - orc priest
Aim: an orc priest, wielding a dagger of holy wrath Attack!
The orc wizard casts a spell.
The orc wizard blinks!
Your crimson imp barely misses the orc priest.
The orc priest hits your crimson imp but does no damage.
The orc priest invokes the aid of Beogh against you.
Beogh smites you!
You die...

#.....##..
########......#
#.....#.......#
#.....#...#...#
#.....#...#...#
#...(.#...#...#
#.....#...#...#
#.........#...#
###@...o..#####
#........[..#
##.5.....§...#
#..5o...o.......#
#....##.#.)......
#....##.#.#.†....
#.......#.#.8...8
#.g.....#.#......
#.......#.#......


You could see 2 orc priests, an orc wizard, a hobgoblin and 2 friendly crimson
imps.

Vanquished Creatures
  An orc priest (D:2)
  3 leopard geckos (D:1)
  2 orcs (D:2)
  3 giant cockroaches
  2 goblins (D:1)
  5 hobgoblins (D:1)
  2 jackals (D:2)
  5 kobolds
  5 bats
  4 frilled lizards
  2 rats (D:1)
34 creatures vanquished.

Vanquished Creatures (collateral kills)
  An adder (D:2)
  A worm (D:2)
  An orc (D:2)
  2 jackals (D:2)
5 creatures vanquished.

Grand Total: 39 creatures vanquished

Notes
Turn   | Place    | Note
-------+----------+-------------------------------------------
     0 | D:1      | Kelyas the Demonspawn Wizard began the quest for the Orb.
     0 | D:1      | Reached XP level 1. HP: 13/13 MP: 4/4
   476 | D:1      | Gained mutation: Your movements are slightly less encumbered by armour. (ER -2) [demonic ancestry]
   476 | D:1      | Reached XP level 2. HP: 14/19 MP: 4/6
   858 | D:1      | Reached XP level 3. HP: 17/25 MP: 4/7
   969 | D:1      | Learned a level 2 spell: Call Imp
  1445 | D:2      | Gained mutation: You are partially covered in sharp spines. [demonic ancestry]
  1445 | D:2      | Reached XP level 4. HP: 31/31 MP: 0/9
  1464 | D:2      | Killed from afar by an orc priest

Skill      XL: |  1  2  3 |
---------------+----------+-----
Stealth        | 2 |  2.0
Dodging        | 2 |  2.0
Conjurations   | 2 |  2.3
Fighting       | |  0.8
Armour         | |  0.7
Spellcasting   | |  3.5
Summonings     | |  1.5
Translocations | |  0.8

Action                   |  1- 3 |  4- 6 || total
-------------------------+-------+-------++-------
Melee: Short sword       |    31 |       ||    31
       Dagger            |    12 |     2 ||    14
 Cast: Magic Dart        |    56 |     1 ||    57
       Call Imp          |     3 |     1 ||     4
  Use: Potion            |     2 |     1 ||     3
       Scroll            |       |     4 ||     4
  Eat: Chunk             |     2 |       ||     2
Armor: Robe              |    10 |       ||    10
Dodge: Dodged            |    31 |     2 ||    33
